 Dungeon Crawl Stone Soup version 0.31-a0-750-gfe7b580527 (webtiles) character file.

Game seed: 10503833016103171968

141 cforsyth the Trooper (level 5, -1/25 (42) HPs)
             Began as a Djinni Delver on Sept 14, 2023.
             Slain by a hound (4 damage)
             ... on level 5 of the Dungeon.
             The game lasted 00:02:04 (398 turns).

cforsyth the Trooper (Djinni Delver)                 Turns: 398, Time: 00:02:04

HP:   -1/25 (42)    AC:  3    Str: 11    XL:     5   Next: 48%
Gold: 24            EV: 12    Int: 14    God:
                    SH:  0    Dex: 14

rFire   + + .        a - +0 falchion
rCold   x . .        (no shield)
rNeg    . . .        b - +0 leather armour
rPois   ∞            (no helmet)
rElec   .            (no cloak)
rCorr   .            (no gloves)
SInv    .            (boots unavailable)
Will    .....        (no amulet)
Stlth   ++           (no ring)
HPRegen 0.24/turn    (no ring)
MPRegen 0.00/turn

%: infuse magic (-2 HP)
@: flying, very heavily drained
A: sickness immunity, fire resistance 2, cold vulnerability 1, float, innate
caster, HP casting, extra vitality 1
a: no special abilities


You were on level 5 of the Dungeon.
You visited 1 branch of the dungeon, and saw 2 of its levels.

You collected 24 gold pieces.

Inventory:

Hand Weapons
 a - a +0 falchion (weapon)
Armour
 b - a +0 leather armour (worn)
Jewellery
 f - an amulet of the acrobat
Wands
 g - a wand of digging (3)
Scrolls
 c - a scroll of fog
 d - a scroll of revelation
 e - a scroll of fear


   Skills:
 + Level 4.5 Fighting
 - Level 1.7 Long Blades
 - Level 2.1 Dodging
 - Level 4.1 Stealth
 + Level 2.2 Spellcasting
 + Level 2.2 Conjurations
 + Level 2.2 Hexes
   Level 0.0 Charms
 + Level 2.2 Summonings
 + Level 2.2 Necromancy
 + Level 2.2 Translocations
 + Level 2.2 Transmutations
 + Level 2.2 Fire Magic
 + Level 2.2 Ice Magic
 + Level 2.2 Air Magic
 + Level 2.2 Earth Magic
 + Level 2.2 Poison Magic


You knew the following spells:

 Your Spells              Type           Power      Damage    Failure   Level
a - Kiss of Death         Conj/Necr      28%        2d7       12%         1
b - Static Discharge      Conj/Air       14%        2-3/arc   19%         2
Your spell library was empty.

Dungeon Overview and Level Annotations

Branches:
Dungeon (6/15)
 Temple: D:4-7

Altars:
Okawaru


Innate Abilities, Weirdness & Mutations

You are immune to sickness and miasma.
You are immune to poison.
Your flesh is very heat resistant. (rF++)
You are vulnerable to cold. (rC-)
You float through the air rather than walking.
You learn spells naturally, not from books.
Your magical power is your life essence.
You have superior vitality. (+4 MHP)


Message History

The hound closely misses you. x2
You barely miss the hound.
The hound is moderately wounded.
The hound closely misses you. The hound bites you.
You miss the hound.
The hound is moderately wounded.
The hound bites you but does no damage. The hound misses you.
You closely miss the hound.
The hound is moderately wounded.
The hound bites you. The hound barely misses you.
You barely miss the hound.
The hound is moderately wounded.
The hound closely misses you.
You hit the hound but do no damage.
The hound is moderately wounded.
The hound bites you but does no damage. The hound closely misses you.
You barely miss the hound.
The hound is moderately wounded.
The hound barely misses you. The hound bites you.
You closely miss the hound.
The hound is moderately wounded.
The hound bites you. The hound barely misses you.
You are too injured to fight recklessly!
You are too injured to fight recklessly!
You are too injured to fight recklessly!
You are too injured to fight recklessly!
You hit the hound but do no damage.
The hound is moderately wounded.
The hound bites you.
* * * LOW HITPOINT WARNING * * *
The hound closely misses you.
You barely miss the hound.
The hound is moderately wounded.
The hound bites you.
* * * LOW HITPOINT WARNING * * *
The hound barely misses you.
You closely miss the hound.
The hound is moderately wounded.
The hound bites you but does no damage. The hound bites you.
You die...

##### .... .. #..
.# #.# . #@# #.
#h# # ...#.##5#
#.# #
#...#...o##.#.#.#
##................
..........##......
#...#.##.##.#....
................ #
................


You could see a hound, an orc and an ufetubus.

Vanquished Creatures
  A scorpion (D:6)
  A jelly (D:6)
  An iguana (D:6)
  2 gnolls (D:6)
  An adder (D:6)
6 creatures vanquished.

Notes
Turn   | Place    | Note
-------+----------+-------------------------------------------
     0 | D:5      | cforsyth the Djinni Delver began the quest for the Orb.
     0 | D:5      | Reached XP level 1. HP: 20/20 MP: 0/0
     1 | D:5      | Noticed an orc wizard
     3 | D:5      | Noticed an orc wizard
    18 | D:6      | Noticed a gnoll sergeant
    22 | D:6      | Reached XP level 2. HP: 15/25 MP: 0/0
    32 | D:6      | Noticed a scorpion
    77 | D:6      | Reached skill level 1 in Spellcasting
    77 | D:6      | Reached skill level 1 in Conjurations
    77 | D:6      | Reached skill level 1 in Hexes
    77 | D:6      | Reached skill level 1 in Summonings
    77 | D:6      | Reached skill level 1 in Necromancy
    77 | D:6      | Reached skill level 1 in Translocations
    77 | D:6      | Reached skill level 1 in Transmutations
    77 | D:6      | Reached skill level 1 in Fire Magic
    77 | D:6      | Reached skill level 1 in Ice Magic
    77 | D:6      | Reached skill level 1 in Air Magic
    77 | D:6      | Reached skill level 1 in Earth Magic
    77 | D:6      | Reached skill level 1 in Poison Magic
    87 | D:6      | Killed a scorpion
    88 | D:6      | Reached XP level 3. HP: 5/31 MP: 0/0
    88 | D:6      | Learned a level 1 spell: Kiss of Death
    88 | D:6      | Reached XP level 4. HP: 6/37 MP: 0/0
   267 | D:6      | Reached XP level 5. HP: 13/42 MP: 0/0
   267 | D:6      | Learned a level 2 spell: Static Discharge
   398 | D:5      | Slain by a hound

Illustrated notes

Levels and vault maps discovered:
D:5:      layout_basic, okawaru_ov_weapons_minmay, general_overflow_altar,
          uniq_menkaure, uniq_blork_the_orc
D:6:      layout_basic, nicolae_overflow_crystal_walls, serial_shops,
          nicolae_shop_tiny_glass

Skill      XL: |  1  2  3  4 |
---------------+-------------+-----
Spellcasting   | 1 2 |  2.2
Conjurations   | 1 2 |  2.2
Hexes          | 1 2 |  2.2
Summonings     | 1 2 |  2.2
Necromancy     | 1 2 |  2.2
Translocations | 1 2 |  2.2
Transmutations | 1 2 |  2.2
Fire Magic     | 1 2 |  2.2
Ice Magic      | 1 2 |  2.2
Air Magic      | 1 2 |  2.2
Earth Magic    | 1 2 |  2.2
Poison Magic   | 1 2 |  2.2
Fighting       | 4 |  4.5
Long Blades    | |  1.7
Dodging        | |  2.1
Stealth        | |  4.1

Action                     |  1- 3 |  4- 6 || total
---------------------------+-------+-------++-------
  Melee: Falchion          |    19 |    20 ||    39
   Cast: Kiss of Death     |       |     3 ||     3
    Use: Scroll            |     1 |       ||     1
         Potion            |     1 |       ||     1
 Armour: Leather armour    |    11 |    18 ||    29
  Dodge: Dodged            |     6 |    22 ||    28

Table legend: (Time is in decaauts)
 A = Elapsed time spent in this place.
 B = Non-inter-level travel time spent in this place.
 C = Inter-level travel time spent in this place.
 D = Time resting spent in this place.
 E = Time spent auto-exploring this place.
 F = Levels seen in this place.
 G = Mean time per level.
                   A        B        C        D        E       F      G
               +--------+--------+--------+--------+--------+-----+--------+
         Total |    386 |    377 |      9 |      0 |    243 |   2 |  193.0 |
       Dungeon |    386 |    377 |      9 |      0 |    243 |   2 |  193.0 |
               +--------+--------+--------+--------+--------+-----+--------+

Top non-repeatable levels by time:
     D:6: 349 daAuts
     D:5: 37 daAuts
